Map: Temple of the Past

Players

LilArrin

  • Race: Protoss Protoss
  • Spawn Location: 0:00

LilArrin

  • Race: Terran Terran
  • Spawn Location: 0:00

VOD

Have the link to the VOD?

Description

Time

  • Played on: June 17, 2017, 2:08 a.m.
  • Length: 26:29
Show
View Real Time Build Order
Export as new Build Order

LilArrin Protoss 

Build Orders:  

Get SALT Encoding   

  12  0:03  Probe (Chrono Boost)  
  13  0:15  Probe (Chrono Boost)  
  14  0:27  Probe (Chrono Boost)  
  15  0:31  Pylon  
  15  0:39  Probe (Chrono Boost)  
  16  0:51  Probe (Chrono Boost)  
  17  1:01  Forge  
  17  1:03  Probe (Chrono Boost)  
  18  1:15  Probe (Chrono Boost)  
  19  1:27  Probe (Chrono Boost)  
  20  1:39  Probe (Chrono Boost)  
  20  1:40  Pylon  
  20  1:47  Photon Cannon  
  21  1:52  Probe (Chrono Boost)  
  22  2:03  Photon Cannon  
  22  2:16  Probe (Chrono Boost)  
  22  2:17  Assimilator  
  23  2:28  Probe (Chrono Boost)  
  24  2:40  Probe (Chrono Boost)  
  25  2:59  Nexus  
  25  3:08  Gateway  
  25  3:26  Pylon  
  25  3:31  Photon Cannon  
  25  3:38  Probe (Chrono Boost)  
  25  3:39  Assimilator  
  25  3:42  Solar Efficiency Level 1  
  26  3:50  Probe (Chrono Boost)  
  27  4:02  Probe (Chrono Boost)  
  28  4:15  Cybernetics Core  
  28  4:17  Probe (Chrono Boost)  
  28  4:29  Probe (Chrono Boost)  
  29  4:40  Probe (Chrono Boost)  
  30  4:41  Probe (Chrono Boost)  
  30  4:49  Probe x2 (Chrono Boost)  
  32  4:51  Probe (Chrono Boost)  
  32  4:52  Probe (Chrono Boost)  
  32  4:54  Probe x2 (Chrono Boost)  
  32  4:57  Probe (Chrono Boost), Warp Gate  
  34  5:00  Probe (Chrono Boost)  
  34  5:03  Probe (Chrono Boost)  
  34  5:06  Probe (Chrono Boost)  
  42  5:21  Probe (Chrono Boost)  
  42  5:28  Assimilator  
  43  5:30  Probe (Chrono Boost)  
  43  5:33  Probe (Chrono Boost)  
  45  5:42  Probe (Chrono Boost)  
  45  5:43  Assimilator  
  46  5:52  Pylon  
  46  5:55  Photon Cannon  
  46  5:58  Photon Cannon  
  46  5:59  Probe (Chrono Boost)  
  46  6:07  Shield Battery  
  47  6:12  Shield Battery  
  47  6:20  Photon Cannon  
  47  6:24  Energizer  
  47  6:28  Shield Battery  
  49  6:38  Shield Battery  
  49  6:40  Probe (Chrono Boost)  
  49  6:41  Probe (Chrono Boost), Enhanced Targeting (Chrono Boost)  
  49  6:42  Advanced Repair Systems, Photon Cannon  
  51  7:02  Twilight Council  
  51  7:08  Probe  
  51  7:11  Solar Efficiency Level 2, Probe  
  53  7:25  Robotics Facility  
  53  7:28  Probe  
  53  7:29  Probe  
  55  7:43  Phase Detonation  
  55  7:46  Optimized Ordinance (Chrono Boost)  
  55  8:08  Pylon  
  55  8:12  Photon Cannon  
  55  8:17  Photon Cannon  
  55  8:37  Pylon  
  55  8:40  Photon Cannon  
  55  8:43  Rapid Recharging, Photon Cannon  
  55  8:47  Photon Cannon  
  55  8:48  Photon Cannon  
  55  9:04  Pylon  
  55  9:22  Pylon  
  55  9:26  Pylon  
  55  9:32  Photon Cannon  
  55  9:41  Photon Cannon  
  55  9:43  Photon Cannon  
  55  9:46  Shield Battery  
  55  9:51  Energizer  
  57  10:00  Photon Cannon  
  57  10:06  Photon Cannon  
  57  10:09  Probe  
  57  10:11  Observer  
  59  10:23  Shield Battery  
  59  10:25  Shield Battery, Pylon  
  59  10:27  Energizer  
  61  10:42  Photon Cannon  
  61  10:48  Energizer  
  61  11:12  Pylon  
  61  11:15  Photon Cannon  
  61  11:16  Photon Cannon  
  61  11:18  Photon Cannon  
  61  11:20  Shield Battery  
  61  11:25  Shield Battery  
  61  11:36  Fortification Barrier (Chrono Boost)  
  61  11:45  Robotics Bay  
  61  11:51  Energizer  
  61  11:59  Pylon  
  61  12:02  Photon Cannon  
  61  12:04  Photon Cannon  
  61  12:06  Photon Cannon  
  61  12:16  Photon Cannon  
  61  12:18  Shield Battery  
  61  12:21  Shield Battery  
  61  12:23  Shield Battery  
  61  12:26  Shield Battery  
  61  12:46  Khaydarin Monolith  
  61  12:54  Photon Cannon  
  61  12:56  Photon Cannon  
  61  12:58  Shield Battery  
  61  13:04  Photon Cannon  
  61  13:18  Khaydarin Monolith  
  61  13:34  Photon Cannon x2  
  61  13:37  Energizer  
  63  13:40  Shield Battery  
  63  13:48  Photon Cannon  
  63  14:03  Photon Cannon  
  63  14:11  Pylon  
  63  14:17  Khaydarin Monolith  
  63  14:23  Photon Cannon  
  63  14:28  Solar Efficiency Level 3  
  63  14:32  Pylon  
  63  14:37  Photon Cannon  
  63  14:50  Pylon  
  63  14:51  Energizer  
  63  15:14  Photon Cannon  
  63  15:17  Photon Cannon  
  63  15:19  Photon Cannon  
  63  15:20  Photon Cannon  
  63  15:24  Shield Battery  
  63  15:25  Shield Battery  
  63  15:26  Shield Battery  
  63  15:46  Pylon  
  63  15:50  Photon Cannon  
  63  15:52  Photon Cannon  
  63  15:55  Photon Cannon  
  63  15:59  Photon Cannon  
  63  16:03  Shield Battery  
  63  16:17  Stargate  
  63  16:26  Pylon  
  63  17:14  Khaydarin Monolith  
  62  17:23  Photon Cannon  
  62  17:34  Khaydarin Monolith  
  62  17:46  Fleet Beacon  
  62  17:54  Pylon  
  62  17:57  Photon Cannon  
  62  18:01  Pylon  
  62  18:07  Photon Cannon  
  62  18:08  Photon Cannon  
  62  18:10  Photon Cannon  
  61  18:47  Photon Cannon  
  61  18:48  Khaydarin Monolith  
  61  18:49  Carrier (Chrono Boost)  
  61  18:53  Khaydarin Monolith  
  61  19:10  Probe  
  68  19:30  Pylon  
  68  19:34  Photon Cannon  
  68  19:35  Photon Cannon  
  68  19:41  Pylon  
  68  19:45  Photon Cannon  
  67  20:05  Shield Battery  
  67  20:07  Photon Cannon  
  67  20:22  Probe  
  67  20:23  Probe  
  69  20:30  Photon Cannon  
  69  20:36  Pylon  
  69  20:39  Photon Cannon  
  69  20:41  Photon Cannon  
  69  20:44  Photon Cannon  
  69  21:10  Photon Cannon  
  69  21:12  Photon Cannon  
  69  21:39  Pylon  
  69  21:41  Khaydarin Monolith  
  69  21:44  Photon Cannon  
  69  21:48  Carrier (Chrono Boost), Photon Cannon  
  69  21:57  Photon Cannon  
  69  21:59  Pylon  
  75  22:33  Khaydarin Monolith  
  75  23:03  Khaydarin Monolith  
  75  23:06  Khaydarin Monolith  
  75  23:09  Probe  
  76  23:27  Khaydarin Monolith  
  75  23:41  Khaydarin Monolith  
  75  23:48  Khaydarin Monolith  
  75  24:33  Probe x2  
  75  24:38  Khaydarin Monolith  
  77  24:40  Khaydarin Monolith  
  77  24:44  Khaydarin Monolith  
  73  25:56  Pylon  
  73  26:01  Pylon  
  73  26:03  Khaydarin Monolith  
  73  26:07  Khaydarin Monolith  
  73  26:08  Khaydarin Monolith  
  73  26:11  Khaydarin Monolith  
Show
View Real Time Build Order
Export as new Build Order

LilArrin Terran 

Build Orders:  

Get SALT Encoding   

Tags
 
Add a new tag
Caveats
  • Supply blocks, unpowered buildings, or Contaminate may cause inaccurate times.
  • Supply counts are checked every 10 seconds.